 Dungeon Crawl Stone Soup version 0.25-a0-294-gea9b1ad378 (webtiles) character file.

Game seed: 13242178368217841697, levelgen mode: deterministic

37 Redear the Skirmisher (level 3, -2/29 HPs)
             Began as a Mummy Monk on Dec 18, 2019.
             Slain by a jackal (3 damage)
             ... on level 2 of the Dungeon.
             The game lasted 00:03:28 (2233 turns).

Redear the Skirmisher (Mummy Monk)                  Turns: 2233, Time: 00:03:28

Health: -2/29      AC:  0    Str: 14    XL:     3   Next: 21%
Magic:  3/3        EV: 13    Int:  9    God:
Gold:   82         SH:  0    Dex: 15    Spells: 2/2 levels left

rFire    . . .     SeeInvis .     - Unarmed
rCold    + + .     Gourm    .   (no shield)
rNeg     + + +     Faith    .   (no armour)
rPois    ∞         Spirit   .   (no helmet)
rElec    .         Reflect  .   c - scarf {rC+ rF+}
rCorr    .         Harm     .   (no gloves)
MR       .....                  (no boots)
Stlth    ++........             (no amulet)
HPRegen  0.09/turn              (no ring)
MPRegen  0.08/turn              (no ring)

@: no status effects
A: no food or potions, fire vulnerability, cold resistance 1, negative energy
resistance 3, torment resistance, unbreathing
a: no special abilities


You were on level 2 of the Dungeon.
You were not hungry.

You visited 1 branch of the dungeon, and saw 2 of its levels.

You collected 82 gold pieces.

Inventory:

Armour
 a - a +0 robe
 c - a scarf of resistance (worn)
Jewellery
 b - an uncursed ring of magical power {unknown}
 e - an uncursed ring of wizardry {unknown}


   Skills:
 + Level 3.3 Fighting
 + Level 2.7 Dodging
 - Level 2.1 Stealth
 + Level 2.7 Unarmed Combat


You had 2 spell levels left.
You didn't know any spells.
Your spell library was empty.

Dungeon Overview and Level Annotations

Branches:
Dungeon (2/15)

Altars:
Zin

Annotations:
D:2 Terence


Innate Abilities, Weirdness & Mutations

You do not eat or drink.
Your flesh is vulnerable to fire.
You are immune to poison.
Your flesh is cold resistant. (rC+)
You are immune to negative energy. (rN+++)
You are immune to unholy pain and torment.
You can survive without breathing.


Message History

The floor.
Unknown command.
Unknown command.
Unknown command.
You closely miss the jackal. The jackal barely misses you.
Unknown command.
Unknown command.
The jackal barely misses you.
You hit the jackal but do no damage. The jackal bites you.
* * * LOW HITPOINT WARNING * * *
You take 2 damage, and have 1/29 hp.
As you read the scroll labeled ELOBAYSTYRGH, it crumbles to dust.
It is a scroll of enchant weapon.
You aren't carrying any weapons that can be enchanted.
The jackal barely misses you.
Unknown command.
You hit the jackal.
You kill the jackal!
You closely miss the jackal. The jackal bites you.
You die...

#.# # #.# #h #.# h###
#.# ..#.######.#
#.#......#.#
#######†######.#.#######
....h..................#
........###.##@#.####.##
.............h...# #.#
..(.######.#.#.### #.#
... ...#...# #.# ..
###.##### #.# # #. #.#
.. #.# #### ## #.# ...#
#.#


You could see a jackal.

Vanquished Creatures
  An adder (D:2)
  2 leopard geckos
  6 bats
  2 goblins (D:1)
  5 hobgoblins
  2 jackals (D:2)
  5 frilled lizards
  2 kobolds
  2 rats
27 creatures vanquished.

Notes
Turn   | Place    | Note
-------+----------+-------------------------------------------
     0 | D:1      | Redear the Mummy Monk began the quest for the Orb.
     0 | D:1      | Reached XP level 1. HP: 18/18 MP: 1/1
   662 | D:1      | Reached XP level 2. HP: 24/24 MP: 2/2
   824 | D:1      | HP: 2/24 [bat (1)]
  1637 | D:2      | Found a glowing silver altar of Zin.
  1823 | D:2      | Reached skill level 2 in Stealth
  2031 | D:2      | Noticed Terence
  2091 | D:2      | Reached XP level 3. HP: 29/29 MP: 3/3
  2223 | D:2      | HP: 2/29 [jackal (3)]
  2228 | D:2      | HP: 1/29 [jackal (2)]
  2233 | D:2      | Slain by a jackal

Levels and vault maps discovered:
D:1:      dpeg_arrival_chambers_temple_mockup, layout_basic
D:2:      layout_basic, lemuel_crystal_altar, uniq_terence

Skill      XL: |  1  2 |
---------------+-------+-----
Stealth        | 2 |  2.1
Fighting       | |  3.3
Dodging        | |  2.7
Unarmed Combat | |  2.7

Action                   || total
-------------------------++-------
Melee: Unarmed           ||   113
       Punch             ||     1
  Use: Scroll            ||     2
 Stab: Sleeping          ||     2
Dodge: Dodged            ||    83

Table legend:
 A = Non-vault XP
 B = Vault XP
 C = Vault XP percentage of total XP
 D = Non-vault monster count
 E = Vault monster count
 F = Vault count percentage of total count
                 A         B        C        D         E       F
            +---------+---------+-------+---------+---------+-------
      Total |      53 |       0 |   0.0 |      27 |       0 |   0.0
            +---------+---------+-------+---------+---------+-------
        D:1 |      25 |       0 |   0.0 |      16 |       0 |   0.0
        D:2 |      28 |       0 |   0.0 |      11 |       0 |   0.0
            +---------+---------+-------+---------+---------+-------
